Map: Invader LE

Players

Fropez

  • Race: Protoss Protoss
  • League: Silver
  • Spawn Location: 1:00

sterlo - Winner!

  • Race: Terran Terran
  • Spawn Location: 11:00

VOD

Have the link to the VOD?

Description

Time

  • Played on: May 17, 2016, 10:23 p.m.
  • Length: 17:12
Show
View Real Time Build Order
Export as new Build Order

Fropez Protoss 

Build Orders:  

Get SALT Encoding   

  12  0:09  Pylon  
  12  0:13  Probe (Chrono Boost)  
  13  0:28  Gateway  
  13  0:31  Probe (Chrono Boost)  
  14  0:42  Probe (Chrono Boost)  
  15  0:47  Assimilator  
  15  0:55  Gateway  
  15  0:58  Probe (Chrono Boost)  
  16  1:08  Probe (Chrono Boost)  
  17  1:18  Cybernetics Core  
  17  1:25  Pylon  
  17  1:27  Probe (Chrono Boost)  
  18  1:35  Assimilator  
  18  1:38  Probe (Chrono Boost)  
  19  1:48  Probe (Chrono Boost)  
  20  2:01  Stalker x2  
  24  2:10  Probe (Chrono Boost)  
  25  2:20  Probe (Chrono Boost)  
  26  2:32  Probe (Chrono Boost)  
  27  2:41  Nexus  
  27  2:43  Probe (Chrono Boost)  
  28  2:53  Probe (Chrono Boost)  
  29  3:04  Probe (Chrono Boost)  
  30  3:12  Pylon  
  30  3:15  Probe (Chrono Boost)  
  31  3:23  Pylon  
  31  3:28  Pylon  
  31  3:30  Probe (Chrono Boost)  
  32  3:37  Pylon  
  34  3:41  Mothership Core (Chrono Boost)  
  34  3:42  Pylon  
  34  3:53  Probe (Chrono Boost)  
  35  3:58  Warp Gate (Chrono Boost)  
  35  3:59  Probe (Chrono Boost)  
  36  4:04  Probe (Chrono Boost)  
  36  4:06  Assimilator  
  37  4:11  Assimilator  
  37  4:25  Gateway  
  37  4:28  Gateway  
  37  4:29  Gateway  
  37  4:40  Pylon  
  37  4:45  Gateway  
  37  4:49  Gateway  
  37  4:56  Probe x2 (Chrono Boost)  
  39  5:07  Forge, Probe  
  40  5:15  Forge, Probe  
  40  5:44  Probe  
  40  5:45  Probe  
  42  5:58  Gateway, Protoss Ground Weapons Level 1 (Chrono Boost)  
  42  5:59  Protoss Ground Armor Level 1 (Chrono Boost)  
  42  6:11  Twilight Council  
  42  6:12  Nexus, Pylon  
  42  6:15  Probe  
  43  6:25  Pylon  
  43  6:28  Stalker  
  43  6:31  Stalker  
  47  6:38  Stalker  
  49  6:42  Stalker  
  51  6:48  Probe  
  51  6:49  Probe  
  53  7:00  Probe  
  53  7:01  Probe, Dark Shrine  
  55  7:05  Blink (Chrono Boost)  
  55  7:28  Photon Cannon  
  55  7:31  Robotics Facility  
  55  7:33  Robotics Facility  
  55  7:36  Protoss Ground Weapons Level 2 (Chrono Boost)  
  55  7:38  Protoss Ground Armor Level 2 (Chrono Boost)  
  55  7:41  Pylon, Probe  
  55  7:42  Probe x2  
  58  7:54  Probe  
  59  7:59  Gateway  
  59  8:01  Probe x2  
  61  8:07  Probe  
  62  8:13  Probe x2  
  62  8:19  Probe  
  65  8:25  Probe  
  65  8:26  Observer x2  
  68  8:35  Probe  
  68  8:40  Zealot  
  71  8:47  Warp Prism  
  71  8:48  Immortal  
  76  8:57  Dark Templar x4  
  76  8:58  Dark Templar  
  76  9:01  Pylon  
  85  9:20  Probe  
  85  9:21  Probe  
  85  9:23  Immortal  
  85  9:24  Pylon  
  91  9:27  Pylon  
  91  9:30  Assimilator  
  91  9:32  Probe x2  
  91  9:35  Assimilator  
  93  9:49  Stalker x4  
  93  9:50  Stalker x4  
  109  9:57  Probe x2  
  111  10:24  Robotics Bay  
  111  10:25  Pylon, Probe x2  
  111  10:26  Probe  
  112  10:30  Pylon  
  110  10:42  Probe x3  
  113  11:11  Stargate  
  113  11:13  Stargate  
  111  11:18  Stargate  
  111  11:25  Nexus  
  111  11:27  Assimilator  
  111  11:29  Assimilator  
  111  11:30  Pylon  
  107  11:35  Pylon  
  107  11:38  Pylon  
  107  11:40  Pylon  
  107  11:41  Pylon  
  107  11:45  Pylon  
  107  11:47  Probe x2  
  107  11:48  Probe  
  110  11:55  Gateway x2  
  110  11:59  Probe  
  109  12:09  Gateway  
  100  12:48  Probe x2  
  100  12:49  Fleet Beacon  
  100  12:50  Pylon  
  100  12:51  Protoss Ground Armor Level 3  
  92  12:52  Pylon  
  92  12:55  Probe  
  93  13:00  Probe x2  
  93  13:01  Protoss Ground Weapons Level 3, Probe  
  85  13:21  Observer x2  
  87  13:29  Nexus  
  87  13:32  Tempest x3 (Chrono Boost)  
  98  13:43  Stalker x2  
  98  13:44  Stalker x6  
  98  13:45  Stalker x2  
  97  14:08  Dark Templar x4  
  97  14:09  Dark Templar x6  
  114  14:10  Dark Templar  
  83  14:44  Tempest x2 (Chrono Boost)  
  94  14:49  Tempest (Chrono Boost)  
  71  15:42  Zealot x3  
  75  15:43  Zealot x4  
  85  15:57  Zealot x2  
  88  16:06  Probe  
  88  16:07  Probe  
  90  16:18  Probe  
  75  16:48  Dark Shrine  
Show
View Real Time Build Order
Export as new Build Order

sterlo Terran - Winner!

Build Orders: Command Center First (CC), MMM Bio 

Get SALT Encoding   

  12  0:01  SCV  
  13  0:13  SCV  
  14  0:18  Supply Depot  
  14  0:25  SCV  
  15  0:40  SCV  
  16  0:52  SCV  
  17  1:05  Command Center  
  17  1:13  SCV  
  18  1:21  Barracks  
  18  1:24  Refinery  
  18  1:36  Barracks  
  18  2:03  SCV  
  19  2:15  SCV  
  20  2:20  Bunker  
  20  2:21  Orbital Command  
  20  2:23  Marine  
  20  2:24  Marine  
  20  2:28  Orbital Command  
  22  2:42  Marine  
  22  2:43  Marine, Refinery  
  24  2:52  SCV  
  25  3:04  SCV  
  26  3:06  Barracks  
  26  3:08  Barracks  
  26  3:15  SCV  
  26  3:16  SCV  
  28  3:26  Refinery  
  28  3:28  SCV  
  28  3:33  Factory  
  29  3:35  Barracks Tech Lab  
  29  3:36  Barracks Tech Lab  
  29  3:50  Engineering Bay  
  29  3:56  Marauder x2  
  29  4:01  Concussive Shells  
  33  4:03  Marine x2  
  33  4:05  SCV x2  
  37  4:11  Supply Depot x2  
  37  4:15  Supply Depot  
  37  4:17  SCV  
  38  4:32  SCV x2, Refinery  
  40  4:42  Missile Turret  
  40  4:44  SCV x2  
  42  4:56  SCV  
  43  5:00  Factory Reactor  
  43  5:01  Starport  
  43  5:05  Missile Turret  
  43  5:08  SCV, Marauder x2  
  43  5:12  Stimpack  
  48  5:16  Marine  
  48  5:17  Marine  
  50  5:26  Supply Depot  
  50  5:29  Marine x2  
  50  5:33  SCV  
  50  5:34  Marine, SCV  
  55  5:38  Terran Infantry Weapons Level 1  
  55  5:46  SCV  
  56  6:01  Missile Turret  
  56  6:06  Barracks Reactor, Barracks Tech Lab  
  56  6:13  Barracks  
  56  6:14  Medivac x2  
  56  6:15  Barracks  
  60  6:42  Marauder  
  60  6:43  Marauder x2  
  60  6:44  Medivac x2  
  70  6:57  Command Center  
  70  7:07  Supply Depot x2  
  70  7:09  Supply Depot  
  70  7:13  Supply Depot  
  70  7:27  Barracks Tech Lab  
  70  7:28  Marine, Widow Mine, Viking  
  75  7:30  Marine  
  75  7:31  Marine  
  75  7:32  Marine, Terran Infantry Armor Level 1, Armory  
  78  7:41  Combat Shields  
  78  7:48  Marine  
  79  7:56  Widow Mine  
  81  8:03  Command Center  
  81  8:18  Marine x2, Marauder x2  
  81  8:19  Marine x3  
  90  8:30  Orbital Command  
  90  8:36  Marine  
  91  9:04  Marine x5, Marauder x2  
  98  9:22  Marine x2  
  100  9:26  Terran Infantry Weapons Level 2  
  100  9:45  Orbital Command  
  100  9:49  Missile Turret  
  100  9:52  Missile Turret  
  100  9:57  Missile Turret  
  100  10:10  Raven  
  100  10:20  Barracks Tech Lab  
  100  10:21  Starport  
  100  10:22  Marine x3, Marauder x2  
  106  10:35  Orbital Command  
  106  10:37  Orbital Command  
  106  10:42  Marine x2  
  110  10:43  Marauder x2  
  103  11:26  Marine x4, Marauder x3  
  113  11:36  Supply Depot  
  113  11:38  Refinery  
  113  11:39  Refinery, Missile Turret  
  113  11:41  SCV  
  113  11:44  Marine x3  
  117  11:53  SCV, Marauder x2  
  117  11:54  Marauder x2  
  124  11:58  Supply Depot  
  126  12:02  Widow Mine  
  126  12:05  SCV  
  126  12:06  Barracks Tech Lab  
  129  12:17  SCV  
  129  12:21  Supply Depot  
  127  12:31  Widow Mine  
  129  12:44  Supply Depot  
  129  13:06  Supply Depot  
  129  13:10  Supply Depot  
  129  13:17  Raven  
  129  13:18  Medivac x2  
  135  13:28  Supply Depot  
  135  13:36  Supply Depot  
  135  13:47  Medivac  
  137  13:50  Supply Depot  
  137  13:55  Medivac  
  133  14:00  Marine, Medivac  
  133  14:01  Marine, Marauder x2  
  133  14:02  Marauder x3  
  147  14:23  Marauder x4, Medivac  
  157  14:25  Medivac  
  157  14:30  Medivac  
  151  15:10  Marine x3, Marauder  
  151  15:11  Marine, Marauder, Medivac  
  151  15:12  Medivac  
  151  15:13  Raven  
  165  15:35  Orbital Command  
  158  16:11  Viking x3, Command Center  
  159  16:31  Orbital Command  
  142  16:52  Supply Depot x2  
Tags
 
Composition
MMM Bio
League
Silver
Matchup
PvT
Replay Pack
All Mines
Spawn Locations
Close Positions
Add a new tag
Caveats
  • Supply blocks, unpowered buildings, or Contaminate may cause inaccurate times.
  • Supply counts are checked every 10 seconds.